 Dungeon Crawl Stone Soup version 0.31-a0-1496-g79c7dd0eeb (webtiles) character file.

Game seed: 5129001932050353750

4552 graki42 the Blocker (level 10, -1/64 HPs)
             Began as a Gargoyle Fighter on Dec 29, 2023.
             Was a Plaything of Xom.
             Slain by Duvessa
             ... wielding a +2 short sword of draining
              (7 damage)
             ... on level 7 of the Dungeon.
             The game lasted 00:21:05 (7180 turns).

graki42 the Blocker (Gargoyle Fighter)              Turns: 7180, Time: 00:21:05

Health: -1/64      AC: 25    Str: 24    XL:     10   Next: 40%
Magic:  10/10      EV:  7    Int:  9    God:    Xom [..*...]
Gold:   398        SH:  5    Dex:  9    Spells: 9/9 levels left

rFire   + . .        d - +0 morningstar
rCold   . . .        c - +0 buckler
rNeg    + + .        x - +0 plate armour {rF+}
rPois   ∞            m - +0 helmet
rElec   +            k - +0 cloak
rCorr   .            (no gloves)
SInv    .            C - +0 pair of boots
Will    .....        t - amulet of regeneration Stlth
                     f - ring of positive energy
HPRegen 1.10/turn    (no ring)
MPRegen 0.12/turn

%: no passive effects
@: no status effects
A: sickness immunity, AC +7, negative energy resistance 1, electricity
resistance, torment resistance 1, petrification resistance
a: Renounce Religion


You were on level 7 of the Dungeon.
You worshipped Xom.
You were a toy of Xom.
You visited 2 branches of the dungeon, and saw 8 of its levels.
You also visited: Bailey.

You collected 398 gold pieces.

Inventory:

Hand Weapons
 d - a +0 morningstar (weapon)
 w - a +2 whip of electrocution
Missiles
 p - 5 throwing nets
Armour
 c - a +0 buckler (worn)
 k - a +0 cloak (worn)
 m - a +0 helmet (worn)
 x - a +0 plate armour of fire resistance (worn)
 C - a +0 pair of boots (worn)
 E - +0 acid dragon scales
Jewellery
 f - a ring of positive energy (left hand)
 h - a ring of protection from cold
 n - an amulet of faith
 r - an amulet of the acrobat
 t - an amulet of regeneration (around neck)
Wands
 j - a wand of digging (3)
 s - a wand of polymorph (9)
 D - a wand of mindburst (17)
Scrolls
 a - a scroll of identify
 e - a scroll of amnesia {unknown}
 i - a scroll of brand weapon {unknown}
 l - 2 scrolls of blinking {unknown}
 o - 3 scrolls of fog {unknown}
 u - 3 scrolls of teleportation
 y - a scroll of revelation
Potions
 b - 3 potions of enlightenment
 g - 4 potions of curing
 q - 2 potions of magic
 v - 2 potions of brilliance
 A - 2 potions of degeneration {unknown}
 B - a potion of invisibility {unknown}


   Skills:
 + Level 8.2 Fighting
 + Level 7.1 Maces & Flails
 + Level 5.3 Throwing
 + Level 8.1 Armour
 + Level 8.2 Shields


You had 9 spell levels left.
You didn't know any spells.
Your spell library contained the following spells:

 Spells                   Type           Power      Damage    Failure   Level
 Mercury Vapours          Alch/Air       0%         N/A       100%        2
 Scorch                   Fire           0%         2d5       100%        2
 Dazzling Flash           Conj/Hex       0%         N/A       100%        3
 Mephitic Cloud           Conj/Alch/Air  0%         N/A       100%        3
 Tukima's Dance           Hex            0%         N/A       100%        3
 Volatile Blastmotes      Fire/Tloc      0%         2d10      100%        3
 Dimensional Bullseye     Hex/Tloc       0%         N/A       100%        4
 Flame Wave               Conj/Fire      0%         2d4       100%        4
 Iskenderun's Mystic Bla  Conj/Tloc      0%         2d3       100%        4
 Freezing Cloud           Conj/Ice/Air   0%         6-21      100%        5
 Starburst                Conj/Fire      0%         6d3       100%        6
 Summon Cactus Giant      Summ           0%         N/A       100%        6
 Maxwell's Capacitive Co  Air            0%         ∞         100%        8


Dungeon Overview and Level Annotations

Branches:
Dungeon (7/15)             Temple (1/1) D:6          Bailey (visited)

Altars:
Ashenzari
Cheibriados
Dithmenos
Fedhas
Gozag
Hepliaklqana
Kikubaaqudgha
Makhleb
Nemelex Xobeh
Okawaru
Qazlal
Ru
Sif Muna
Trog
Uskayaw
Vehumet
Xom
Yredelemnul
The Shining One

Shops:
D:3 (

Annotations:
D:7 3 runed translucent doors, Duvessa; flestrin's ghost, novice GrEE


Innate Abilities, Weirdness & Mutations

You are immune to sickness and miasma.
Your stone body is resilient. (AC +7)
You are immune to poison.
You resist negative energy. (rN+)
You are resistant to electric shocks. (rElec)
You are resistant to unholy torment.
You are immune to petrification.


Message History

You hit Duvessa.
Duvessa is heavily wounded.
Duvessa hits you with a +2 short sword of draining.
Duvessa hits you with a +2 short sword of draining!
You completely miss Duvessa.
Duvessa is heavily wounded.
Duvessa hits you with a +2 short sword of draining.
You completely miss Duvessa.
Duvessa is heavily wounded.
Duvessa hits you with a +2 short sword of draining.
Duvessa hits you but does no damage.
You hit Duvessa.
Duvessa is heavily wounded.
You block Duvessa's attack.
Duvessa hits you with a +2 short sword of draining!
You hit Duvessa but do no damage.
Duvessa is heavily wounded.
You block Duvessa's attack.
Duvessa hits you with a +2 short sword of draining!
You barely miss Duvessa.
Duvessa is heavily wounded.
Duvessa hits you with a +2 short sword of draining.
* * * LOW HITPOINT WARNING * * *
You hit Duvessa.
Duvessa is heavily wounded.
Duvessa hits you but does no damage.
Duvessa hits you with a +2 short sword of draining.
* * * LOW HITPOINT WARNING * * *
You closely miss Duvessa.
Duvessa is heavily wounded.
You block Duvessa's attack.
Duvessa hits you with a +2 short sword of draining!
* * * LOW HITPOINT WARNING * * *
You puncture Duvessa!
Duvessa is almost dead.
Duvessa hits you but does no damage. x2
You sock Duvessa!
Duvessa is almost dead.
Duvessa hits you with a +2 short sword of draining!
You die...

..~#...#~.# #....................
..≈#.∩.#~.# #....#...............
..~#...#≈.# #....#...............
..~#####~.###....#...............
..~~~~~~~..##....#...............
...........##....#...............
...........##....#...............
..........###....#..(............
...............e@'.#.#.#.#.#.#...
..........########............###
...#.....)..##...#.#.#.#.#.#.##
...##.#<###.##..##.....>......#
...##.#.# #.##...#.#.#.#.#.#.##
...##.#.# #.###..#............#
...##.#.# #......#.#.#.#.#.#.##
......#.# ######.#............#
..#####.# #.....#.#.#.#.#.##


You could see Duvessa (berserk).

Vanquished Creatures
  2 two-headed ogres (D:6)
  Maggie (D:6)
  Sigmund (D:3)
  A steam dragon (D:7)
  Menkaure (D:6)
  5 orc warriors
  3 sky beasts
  3 black bears
  An ice beast (D:6)
  5 ogres
  Blork the orc (D:6)
  A gnoll sergeant (D:6)
  3 scorpions
  Dowan (D:7)
  An electric eel (Bailey)
  2 gnoll boudas
  3 bombardier beetles
  2 hounds (D:6)
  2 orc priests (D:6)
  A sleepcap (D:5)
  3 iguanas
  8 orc wizards
  24 gnolls
  8 adders
  A shadow imp (D:7)
  A white imp (D:7)
  2 worms
  4 dart slugs
  24 orcs
  5 endoplasms
  4 giant cockroaches
  A goblin (shapeshifter) (D:7)
  15 goblins
  8 hobgoblins
  9 jackals
  7 kobolds
  4 quokkas
  7 ball pythons
  13 bats
  2 frilled lizards (D:1)
  4 rats
194 creatures vanquished.

Vanquished Creatures (others)
  A gnoll (D:7)
1 creature vanquished.

Grand Total: 195 creatures vanquished

Notes
Turn   | Place    | Note
-------+----------+-------------------------------------------
     0 | D:1      | graki42 the Gargoyle Fighter began the quest for the Orb.
     0 | D:1      | Reached XP level 1. HP: 14/14 MP: 1/1
   144 | D:1      | Reached XP level 2. HP: 19/19 MP: 2/2
   337 | D:1      | Reached XP level 3. HP: 23/23 MP: 3/3
   834 | D:1      | Found a faded altar of an unknown god.
  1240 | D:2      | Reached XP level 4. HP: 28/29 MP: 4/4
  1305 | D:3      | Noticed Sigmund
  1305 | D:3      | Found Gayng's Weapon Shop.
  1318 | D:3      | Killed Sigmund
  1319 | D:3      | Reached XP level 5. HP: 14/34 MP: 5/5
  1319 | D:3      | Reached XP level 6. HP: 16/39 MP: 6/6
  3005 | D:4      | Reached skill level 5 in Fighting
  3022 | D:4      | Noticed a black bear
  3036 | D:4      | Killed a black bear
  3037 | D:4      | Reached skill level 5 in Armour
  3037 | D:4      | Reached skill level 5 in Shields
  3037 | D:4      | Reached XP level 7. HP: 42/44 MP: 7/7
  3094 | D:4      | You fall into a shaft and drop 3 floors!
  3094 | D:7      | Found a sacrificial altar of Ru.
  3094 | D:7      | Found a shadowy altar of Dithmenos.
  3133 | D:7      | Found a flagged portal.
  3158 | D:7      | Reached skill level 1 in Throwing
  3173 | Bailey   | Entered a bailey
  3416 | Bailey   | Reached XP level 8. HP: 35/50 MP: 8/8
  3613 | Bailey   | HP: 1/51 [orc warrior/+0 broad axe (9)]
  3786 | Bailey   | Noticed an orc knight
  3786 | Bailey   | Noticed a kobold demonologist
  3816 | D:7      | Reached skill level 5 in Maces & Flails
  4101 | D:6      | Found a staircase to the Ecumenical Temple.
  4106 | D:6      | Noticed Blork the orc
  4117 | D:6      | Killed Blork the orc
  4130 | Temple   | Entered the Ecumenical Temple
  4232 | D:5      | Entered Level 5 of the Dungeon
  4292 | D:6      | Reached XP level 9. HP: 56/56 MP: 9/9
  4768 | D:4      | Found a shimmering altar of Xom.
  4773 | D:4      | Became a worshipper of Xom of Chaos
  4851 | D:4      | XOM: silly message
  4997 | D:4      | XOM: divination: detect creatures
  5053 | D:5      | XOM: enchant monster (good)
  5072 | D:5      | XOM: summons 1 hostile shadow creature
  5078 | D:5      | XOM: scenery: create altars
  5086 | D:5      | XOM: enchant monster (bad)
  5593 | D:6      | XOM: divination: magic mapping
  5664 | D:6      | Noticed Menkaure
  5667 | D:6      | Noticed a two-headed ogre
  5671 | D:6      | Killed Menkaure
  5674 | D:6      | Killed a two-headed ogre
  5674 | D:6      | Noticed a two-headed ogre
  5689 | D:6      | Killed a two-headed ogre
  5690 | D:6      | Reached XP level 10. HP: 24/64 MP: 10/10
  5791 | D:6      | Reached skill level 5 in Throwing
  5869 | D:6      | XOM is BORED!
  5869 | D:6      | XOM: give mutations
  5869 | D:6      | Gained mutation: You have large cloven feet. [Xom's
                  | mischief]
  5869 | D:6      | Lost mutation: You have large cloven feet. [Xom's mischief]
  5899 | D:6      | Found a radiant altar of Vehumet.
  6077 | D:6      | Noticed Maggie
  6092 | D:6      | Killed Maggie
  6381 | D:7      | XOM: polymorph scorpion -> shapeshifter
  6492 | D:7      | XOM: polymorph water moccasin -> jackal
  6533 | D:7      | XOM: potion effect (haste)
  6554 | D:7      | XOM: silly message
  6803 | D:7      | Found a runed translucent gate.
  6803 | D:7      | Noticed flestrin's ghost (novice GrEE)
  6804 | D:7      | Found a runed translucent gate.
  6805 | D:7      | Found a runed translucent gate.
  6805 | D:7      | Identified the +0 chain mail of Fiw Hem {Int+3}
  6990 | D:7      | Noticed Duvessa
  6990 | D:7      | Noticed Dowan
  6995 | D:7      | Killed Dowan
  7001 | D:7      | XOM: summons 1 hostile shadow creature
  7007 | D:7      | XOM: enchant monster (bad)
  7178 | D:7      | HP: 3/64 [Duvessa/+2 short sword of draining (13)]
  7180 | D:7      | Slain by Duvessa

Illustrated notes

Levels and vault maps discovered:
D:1:      lightli_arrival_farm, layout_loops_corners,
          shapermc_ecumenical_altar_mp_urbaneastern, minmay_surrounded
D:2:      layout_rooms, minmay_increasing_density
D:3:      layout_basic, serial_shops, shop, interstate_on_off, eino_curves_01,
          uniq_sigmund
D:4:      layout_cave_pools, mainiacjoe_overflow_24_doors
D:5:      layout_cave_pools, minmay_fractal_squares_5
D:6:      kennysheep_big_flooded_room, layout_basic, lemuel_tele_altar,
          minmay_temple_entry_junction, uniq_menkaure, uniq_maggie,
          uniq_blork_the_orc
D:7:      layout_basic, gammafunk_temple_overflow_statue,
          biasface_ghost_orc_armoury, enter_bailey_3, st_stairs_11,
          eino_small_chamber_without_monster, uniq_duvessa
Temple:   hellmonk_temple_two_chambers

Skill      XL: |  1  2  3  4  5  6  7  8  9 10 |
---------------+-------------------------------+-----
Fighting       | 4 5 6 7 8 |  8.2
Maces & Flails | 3 4 5 6 7 |  7.1
Armour         | 4 5 6 7 8 |  8.1
Shields        | 4 5 6 7 8 |  8.2
Throwing       | 2 3 4 5 |  5.3

Action                     |  1- 3 |  4- 6 |  7- 9 | 10-12 || total
---------------------------+-------+-------+-------+-------++-------
  Melee: Flail             |   117 |    52 |       |       ||   169
         Morningstar       |       |   107 |   417 |   167 ||   691
         Whip              |       |       |     8 |       ||     8
    Use: Potion            |       |     1 |     2 |     1 ||     4
         Scroll            |       |       |     8 |     1 ||     9
   Stab: Paralysed         |       |       |     1 |       ||     1
 Armour: Scale mail        |    52 |       |       |       ||    52
         Chain mail        |    46 |   190 |   377 |       ||   613
         Plate armour      |       |       |   107 |   162 ||   269
  Dodge: Dodged            |    63 |    98 |   181 |    66 ||   408
  Block: Buckler           |    32 |    41 |   129 |    43 ||   245

Table legend: (Time is in decaauts)
 A = Elapsed time spent in this place.
 B = Non-inter-level travel time spent in this place.
 C = Inter-level travel time spent in this place.
 D = Time resting spent in this place.
 E = Time spent auto-exploring this place.
 F = Levels seen in this place.
 G = Mean time per level.
                   A        B        C        D        E       F      G
               +--------+--------+--------+--------+--------+-----+--------+
         Total |   7420 |   7190 |    230 |   1089 |   4184 |   9 |  824.4 |
       Dungeon |   6775 |   6545 |    230 |    641 |   4169 |   7 |  967.9 |
        Temple |      1 |      1 |      0 |      0 |      0 |   1 |    1.0 |
        Bailey |    642 |    642 |      0 |    448 |     15 |   1 |  642.0 |
               +--------+--------+--------+--------+--------+-----+--------+

Top non-repeatable levels by time:
     D:6: 1354 daAuts
     D:1: 1306 daAuts
     D:7: 1100 daAuts
     D:3: 1065 daAuts
     D:2: 696 daAuts
     D:5: 677 daAuts
  Bailey: 642 daAuts
     D:4: 573 daAuts
  Temple: 1 daAuts
